 Dungeon Crawl Stone Soup version 0.31-a0-455-g1a7b003ef0 (webtiles) character file.

Game seed: 2809344501875952316

12454 Newt the Basher (level 12, -11/76 HPs)
             Began as a Kobold Hunter on Aug 3, 2023.
             Was a High Priest of Okawaru.
             Mangled by a death yak (19 damage)
             ... in an ice cave.
             The game lasted 00:10:17 (9781 turns).

Newt the Basher (Kobold Hunter)                     Turns: 9781, Time: 00:10:18

Health: -11/76     AC: 10    Str: 13    XL:     12   Next: 20%
Magic:  12/12      EV: 24    Int: 11    God:    Okawaru [*****.]
Gold:   629        SH:  0    Dex: 27    Spells: 11/11 levels left

rFire   + . .        v - +6 shillelagh "Devastator" {shatter}
rCold   + . .        (no shield)
rNeg    . . .        I - +0 troll leather armour
rPois   .            (no helmet)
rElec   +            n - +2 cloak
rCorr   .            (no gloves)
SInv    .            j - +2 pair of boots
Will    .....        (no amulet)
Stlth   +++          i - ring of Zykudwuar {rElec rF+ Str+3 Dex+6}
HPRegen 1.12/turn    J - ring of protection from cold
MPRegen 0.13/turn

%: no passive effects
@: no status effects
A: small, no large weapons, nightstalker 3
a: Renounce Religion, Heroism, Finesse, Duel


You were in an ice cave.
You worshipped Okawaru.
Okawaru was extremely pleased with you.
You visited 1 branch of the dungeon, and saw 11 of its levels.
You also visited: Ice Cave.

You collected 686 gold pieces.
You spent 57 gold pieces at shops.

Inventory:

Hand Weapons
 a - a +1 shortbow
 v - the +6 shillelagh "Devastator" (weapon) {shatter}
   (You found it on level 5 of the Dungeon)
Missiles
 F - a throwing net
Armour
 c - a +0 leather armour
 j - a +2 pair of boots (worn)
 k - +1 steam dragon scales
 n - a +2 cloak (worn)
 I - a +0 troll leather armour (worn)
Jewellery
 h - a ring of protection from cold
 i - the ring of Zykudwuar (left hand) {rElec rF+ Str+3 Dex+6}
   (You found it on level 3 of the Dungeon)

   [ring of dexterity]

   Str:       It affects your strength (+3).
   Dex:       It affects your dexterity (+6).
   rF:        It protects you from fire.
   rElec:     It insulates you from electricity.
 t - an amulet of magic regeneration
 x - a +5 ring of evasion
 C - the ring of Wonder {Fire Str-4 Int+5 Dex+6}
   (You found it on level 7 of the Dungeon)

   [ring of fire]

   It enhances your fire magic.
   Str:       It affects your strength (-4).
   Int:       It affects your intelligence (+5).
   Dex:       It affects your dexterity (+6).
   rF:        It protects you from fire.
   rC:        It makes you vulnerable to cold.
 E - a ring of see invisible
 J - a ring of protection from cold (right hand)
Wands
 s - a wand of mindburst (14)
 z - a wand of flame (35)
Scrolls
 b - a scroll of butterflies
 e - 2 scrolls of fear
 m - a scroll of blinking
 u - 4 scrolls of teleportation
 w - a scroll of enchant armour
 y - a scroll of silence
 G - 2 scrolls of noise
 H - 2 scrolls of enchant weapon
 K - a scroll of brand weapon
Potions
 d - 2 potions of resistance
 f - 2 potions of enlightenment
 g - 8 potions of curing
 l - a potion of heal wounds
 o - a potion of haste
 p - a potion of cancellation
 q - 2 potions of ambrosia
 r - 2 potions of attraction
 B - 2 potions of mutation
 D - a potion of lignification


   Skills:
 - Level 9.0 Fighting
 + Level 12.0 Maces & Flails
 - Level 10.9 Ranged Weapons
 - Level 10.0 Dodging
 - Level 1.3 Stealth


You had 11 spell levels left.
You didn't know any spells.
Your spell library contained the following spells:

 Spells                   Type           Power      Damage    Failure   Level
 Kiss of Death            Conj/Necr      0%         2d5       41%         1
 Cigotuvi's Dreadful Rot  Necr/Pois/Air  0%         N/A       56%         2
 Sublimation of Blood     Necr           0%         N/A       56%         2
 Confusing Touch          Hex            0%         N/A       80%         3
 Dispel Undead            Necr           0%         3d6       99%         4
 Petrify                  Tmut/Erth      0%         N/A       99%         4
 Irradiate                Conj/Tmut      0%         3d11      100%        5
 Death Channel            Necr           Unusable   N/A       N/A         6

Dungeon Overview and Level Annotations

Branches:
Dungeon (11/15)            Temple (0/1) D:6            Lair (0/5) D:10
    Orc (0/2) D:9           IceCv (1/1)

Altars:
Cheibriados
Elyvilon
Fedhas
Kikubaaqudgha
Okawaru
Sif Muna
Trog
Uskayaw
The Shining One

Shops:
D:3 *

Annotations:
D:3 3 runed translucent doors


Innate Abilities, Weirdness & Mutations

You are small and have problems with some larger weapons.
You are completely attuned to the shadows.


Message History

The death yak misses you.
The death yak gores you but does no damage.
You hit the death yak.
The death yaks shudder.
The death yak is heavily wounded. x3
The death yak misses you. The death yak closely misses you.
Unknown command.
You thump the death yak!
The death yaks shudder.
The death yak is severely wounded. x3
Unknown command.
You hit the death yak.
The death yaks shudder.
The death yak is severely wounded. x3
The death yak gores you!! x2
* * * LOW HITPOINT WARNING * * *
Unknown command.
The death yak attacks as you move away! The death yak closely misses you.
Unknown command.
You hit the death yak but do no damage.
The death yak is severely wounded.
The death yak completely misses you.
Unknown command.
You hit the death yak but do no damage.
The death yak is severely wounded.
Unknown command.
The death yak attacks as you move away! The death yak gores you.
* * * LOW HITPOINT WARNING * * *
Unknown command.
You thump the death yak!
The death yaks shudder.
The death yak is almost dead. x3
The death yak closely misses you. The death yak gores you.
* * * LOW HITPOINT WARNING * * *
Unknown command.
Unknown command.
You feel much better. The death yak closely misses you.
The death yak gores you!!
* * * LOW HITPOINT WARNING * * *
Unknown command.
You hit the death yak but do no damage.
The death yak is almost dead.
The death yak gores you!!
You die...

#####...##
##∩.......#
#......#..#
#....###..#
#∩#.###..##
#######††.#
##.##
##†.##
#..Y###..##
##.Y@...##
#..#....#
#..###.##
#.## ###
#†.##.##
##.....#
##...⌠.
####.. .


You could see 2 death yaks.

Vanquished Creatures
  Erica (D:8)
  A death yak (IceCv)
  A boulder beetle (D:10)
  Maggie (D:6)
  An unseen horror zombie (D:9)
  3 trolls (D:10)
  2 ice devils (D:11)
  A polar bear (IceCv)
  3 shadows (D:9)
  A wyvern (D:8)
  16 yaks
  A steam dragon (D:3)
  Grum (D:8)
  An acid dragon (D:10)
  A two-headed ogre zombie (D:9)
  2 water moccasins
  3 sky beasts
  2 ice beasts
  A black bear (D:6)
  11 wolves
  4 ogres
  5 centaurs
  A phantom (D:5)
  A kobold brigand (D:10)
  3 bullfrogs
  2 gnoll sergeants
  4 scorpions
  11 wights
  4 killer bees (D:9)
  4 electric eels (D:10)
  4 howler monkeys
  A human zombie (D:9)
  5 centaur zombies (D:9)
  6 hounds
  4 jellies
  5 orc priests
  Jessica (D:2)
  2 iguanas
  A sleepcap (D:7)
  6 orc wizards
  7 ogre zombies (D:9)
  2 mummies (D:9)
  A howler monkey zombie (D:9)
  16 gnolls
  4 adders
  A white imp (D:5)
  An ufetubus (D:6)
  A worm (D:3)
  2 dart slugs
  20 orcs
  8 bats
  6 endoplasms
  2 giant cockroaches
  10 goblins
  7 hobgoblins
  9 kobolds
  4 quokkas
  8 ball pythons
  3 frilled lizards
  3 goblin skeletons (D:9)
  3 goblin zombies (D:9)
  A hobgoblin skeleton (D:9)
  3 orc skeletons (D:9)
  15 orc zombies (D:9)
  10 rats
275 creatures vanquished.

Notes
Turn   | Place    | Note
-------+----------+-------------------------------------------
     0 | D:1      | Newt the Kobold Hunter began the quest for the Orb.
     0 | D:1      | Reached XP level 1. HP: 12/12 MP: 1/1
   245 | D:1      | Reached XP level 2. HP: 14/18 MP: 2/2
   557 | D:1      | Found a faded altar of an unknown god.
   759 | D:2      | Identified the +1 rapier "Unoann" {elec, rF++ Str-5 Int-2
                  | Dex+3}
   803 | D:2      | Found an iron altar of Okawaru.
   808 | D:2      | Reached XP level 3. HP: 23/23 MP: 3/3
  1019 | D:2      | Noticed Jessica
  1020 | D:2      | Killed Jessica
  1021 | D:2      | Reached XP level 4. HP: 30/30 MP: 4/4
  1342 | D:3      | Found a snail-covered altar of Cheibriados.
  1467 | D:3      | Identified the ring of Zykudwuar {rElec rF+ Str+3 Dex+6}
  1523 | D:3      | Reached skill level 5 in Fighting
  1631 | D:3      | Found a runed translucent gate.
  1631 | D:3      | Found a runed translucent gate.
  1632 | D:3      | Found a runed translucent gate.
  1639 | D:3      | Noticed a steam dragon
  1649 | D:3      | Killed a steam dragon
  1650 | D:3      | Reached XP level 5. HP: 28/35 MP: 5/5
  1650 | D:3      | Reached XP level 6. HP: 32/40 MP: 6/6
  1778 | D:3      | Found Boicodop's Assorted Antiques.
  1783 | D:3      | Bought a scroll labelled YLIETR POACW for 21 gold pieces
  1783 | D:3      | Bought a yellow potion for 18 gold pieces
  1783 | D:3      | Bought a lumpy white potion for 18 gold pieces
  2177 | D:4      | Identified the +5 whip "Deblaum" {spect, Will+}
  2609 | D:4      | Reached XP level 7. HP: 33/44 MP: 7/7
  2776 | D:4      | Found a white marble altar of Elyvilon.
  2974 | D:4      | Found a bloodstained altar of Trog.
  3084 | D:5      | Entered Level 5 of the Dungeon
  3096 | D:5      | Noticed a water moccasin
  3106 | D:5      | Reached skill level 10 in Ranged Weapons
  3138 | D:5      | Killed a water moccasin
  3139 | D:5      | Reached XP level 8. HP: 49/49 MP: 8/8
  3159 | D:5      | Reached skill level 5 in Dodging
  3349 | D:5      | Found the +6 shillelagh "Devastator" {shatter}
  3498 | D:5      | Reached skill level 1 in Maces & Flails
  3536 | D:5      | Reached skill level 2 in Maces & Flails
  3536 | D:5      | Reached XP level 9. HP: 54/54 MP: 9/9
  3996 | D:5      | Found a shimmering blue altar of Sif Muna.
  4009 | D:6      | Noticed Maggie
  4026 | D:6      | Reached skill level 3 in Maces & Flails
  4039 | D:6      | Killed Maggie
  4040 | D:6      | Reached skill level 5 in Maces & Flails
  4262 | D:6      | Reached skill level 6 in Maces & Flails
  4325 | D:2      | Became a worshipper of Warmaster Okawaru
  4479 | D:6      | Found a hide-covered altar of Uskayaw.
  4637 | D:6      | Reached skill level 7 in Maces & Flails
  4637 | D:6      | Found a blossoming altar of Fedhas.
  4715 | D:6      | Reached skill level 8 in Maces & Flails
  4715 | D:6      | Reached XP level 10. HP: 59/59 MP: 10/10
  4750 | D:6      | Found a staircase to the Ecumenical Temple.
  4889 | D:7      | Identified the +7 dagger of the Nurturing Madman
                  | {antimagic, rF+ Dex+4 SInv}
  4943 | D:7      | Reached * piety under Okawaru
  5216 | D:7      | Identified the ring of Wonder {Fire Str-4 Int+5 Dex+6}
  5254 | D:7      | Reached skill level 9 in Maces & Flails
  5863 | D:7      | Identified the +9 dagger of Arbitration {spect, *Slow Fly
                  | rC- Str+8}
  5914 | D:8      | Noticed Erica
  5922 | D:8      | Killed Erica
  5922 | D:8      | Reached ** piety under Okawaru
  6038 | D:8      | Reached skill level 10 in Maces & Flails
  6332 | D:8      | Noticed Grum
  6338 | D:8      | Killed Grum
  6338 | D:8      | Reached *** piety under Okawaru
  6486 | D:8      | Reached XP level 11. HP: 67/67 MP: 11/11
  7053 | D:9      | HP: 2/71 [shadow (9)]
  7292 | D:9      | Reached **** piety under Okawaru
  7686 | D:9      | Found a staircase to the Orcish Mines.
  8098 | D:9      | Found a glowing golden altar of the Shining One.
  8380 | D:9      | Found an ancient bone altar of Kikubaaqudgha.
  8550 | D:10     | Entered Level 10 of the Dungeon
  8678 | D:10     | Identified the +3 leather armour of Quantum Leap {+Blink
                  | rCorr Str+5 Dex-4}
  8712 | D:10     | Reached skill level 10 in Dodging
  8983 | D:10     | Noticed a boulder beetle
  9019 | D:10     | Killed a boulder beetle
  9099 | D:10     | Reached ***** piety under Okawaru
  9120 | D:10     | Reached skill level 11 in Maces & Flails
  9135 | D:10     | Reached XP level 12. HP: 62/76 MP: 12/12
  9249 | D:10     | Found a staircase to the Lair.
  9649 | D:11     | Found a frozen archway.
  9717 | IceCv    | Entered an ice cave
  9756 | IceCv    | Noticed a death yak
  9758 | IceCv    | Noticed a death yak
  9758 | IceCv    | Noticed a death yak
  9767 | IceCv    | Killed a death yak
  9768 | IceCv    | Reached skill level 12 in Maces & Flails
  9781 | IceCv    | Mangled by a death yak

Illustrated notes

Levels and vault maps discovered:
D:1:      psy_arrival_heroes, layout_basic, ebering_ecumenical_altar_hall
D:2:      layout_rooms, serial_glass, glass_columns_b, glass_columns_b,
          basic_altar, interstate_on_off, minmay_misc_feat_pillars, uniq_jessica
D:3:      layout_basic, cheibriados_altar_1, gammafunk_ghost_cemetery,
          serial_shops, shop, minmay_stone_trees_medium, glass_columns_a,
          minmay_joined_circles
D:4:      layout_cave_pools, elyvilon_altar_1, trog_antimagical,
          nicolae_the_louvre
D:5:      layout_loops_ring, mainiacjoe_overflow_concentric_impassable,
          dilly_guarded_unrand_devastator
D:6:      layout_rooms, lemuel_tele_altar, lemuel_round_altar,
          minmay_temple_entry_statues_fountains, uniq_maggie
D:7:      layout_basic
D:8:      layout_loops_ring, uniq_grum, uniq_erica
D:9:      layout_long_grid, tso_altar, lemuel_mausoleum_altar_kikubaaqudgha,
          zombieorc2_lemuel, minmay_misc_feat_five
D:10:     layout_basic, erik_lair_island
D:11:     minmay_complete_graph, layout_cross, portal_ice_cave_demonic_guard
IceCv:    ice_cave_caverns_03

Skill      XL: |  1  2  3  4  5  6  7  8  9 10 11 12 |
---------------+-------------------------------------+-----
Fighting       | 3 4 5 7 9 |  9.0
Ranged Weapons | 7 8 10 | 10.9
Dodging        | 4 7 10 | 10.0
Maces & Flails | 2 8 10 11 12 | 12.0
Stealth        | |  1.3

Action                     |  1- 3 |  4- 6 |  7- 9 | 10-12 || total
---------------------------+-------+-------+-------+-------++-------
  Melee: Shortbow          |       |     1 |       |       ||     1
         Shillelagh        |       |       |    19 |   310 ||   329
         Punch             |       |       |       |     4 ||     4
   Fire: Shortbow          |    68 |   141 |   254 |       ||   463
  Throw: Throwing net      |       |       |       |     2 ||     2
 Invoke: Heroism           |       |       |       |     1 ||     1
  Evoke: Wand              |       |       |       |     1 ||     1
    Use: Scroll            |     4 |     6 |     5 |    12 ||    27
         Potion            |       |     2 |     2 |     2 ||     6
   Stab: Sleeping          |       |       |     1 |    18 ||    19
         Distracted        |       |       |     1 |     1 ||     2
         Held in net/web   |       |       |       |     1 ||     1
 Armour: Leather armour    |     3 |    12 |       |       ||    15
         Steam dragon scal |       |     8 |    23 |    32 ||    63
         Troll leather arm |       |       |       |    21 ||    21
  Dodge: Dodged            |    15 |    49 |   105 |   322 ||   491

Table legend: (Time is in decaauts)
 A = Elapsed time spent in this place.
 B = Non-inter-level travel time spent in this place.
 C = Inter-level travel time spent in this place.
 D = Time resting spent in this place.
 E = Time spent auto-exploring this place.
 F = Levels seen in this place.
 G = Mean time per level.
                   A        B        C        D        E       F      G
               +--------+--------+--------+--------+--------+-----+--------+
         Total |   9711 |   9343 |    368 |   1106 |   6834 |  12 |  809.2 |
       Dungeon |   9654 |   9286 |    368 |   1106 |   6808 |  11 |  877.6 |
      Ice Cave |     57 |     57 |      0 |      0 |     26 |   1 |   57.0 |
               +--------+--------+--------+--------+--------+-----+--------+

Top non-repeatable levels by time:
     D:9: 1389 daAuts
     D:8: 1217 daAuts
    D:10: 1048 daAuts
     D:7: 1041 daAuts
     D:4: 948 daAuts
     D:5: 932 daAuts
     D:3: 848 daAuts
     D:1: 754 daAuts
     D:6: 738 daAuts
     D:2: 642 daAuts
    D:11: 92 daAuts
   IceCv: 57 daAuts
